 Dungeon Crawl Stone Soup version 0.31-a0-728-g01b46875f1 (console) character file.

Game seed: 9607468974001489483

8 petzl the Sneak (level 2, -1/24 HPs)
             Began as a Formicid Delver on Sept 11, 2023.
             Was an Initiate of Vehumet.
             Slain by a yak (3 damage)
             ... on level 8 of the Dungeon.
             The game lasted 00:08:05 (604 turns).

petzl the Sneak (Formicid Delver)                    Turns: 604, Time: 00:08:06

Health: -1/24      AC:  7    Str: 16    XL:     2   Next: 15%
Magic:  4/4        EV: 10    Int:  9    God:    Vehumet [......]
Gold:   19         SH:  0    Dex: 15    Spells: 4/4 levels left

rFire   . . .        a - +0 mace
rCold   . . .        (no shield)
rNeg    . . .        n - +0 scale mail
rPois   .            (helmet unavailable)
rElec   .            (no cloak)
rCorr   .            g - +0 pair of gloves
SInv    +            (no boots)
Will    .....        (no amulet)
Stlth   ++           (no ring)
HPRegen 0.24/turn    (no ring)
MPRegen 0.09/turn

%: no passive effects
@: no status effects
A: permanent stasis, dig shafts and tunnels, antennae 3, four strong arms
a: Dig, Shaft Self, Renounce Religion


You were on level 8 of the Dungeon.
You worshipped Vehumet.
Vehumet was noncommittal.
You visited 2 branches of the dungeon, and saw 7 of its levels.

You collected 19 gold pieces.

Inventory:

Hand Weapons
 a - a +0 mace (weapon)
Missiles
 i - 4 stones
 o - a boomerang
Armour
 b - a +0 leather armour
 g - a +0 pair of gloves (worn)
 m - a +0 ring mail
 n - a +0 scale mail (worn)
Wands
 f - a wand of digging (3)
 k - a wand of paralysis (8)
Scrolls
 c - a scroll of fog
 d - a scroll of revelation
 h - a scroll of identify {unknown}
 j - a scroll of enchant weapon {unknown}
Potions
 l - a potion of attraction {unknown}


   Skills:
 - Level 3.2 Fighting
 - Level 2.0 Maces & Flails
 - Level 1.7 Dodging
 - Level 6.0 Stealth
 + Level 1.6 Spellcasting


You had 4 spell levels left.
You didn't know any spells.
Your spell library was empty.

Dungeon Overview and Level Annotations

Branches:
Dungeon (9/15)             Temple (1/1) D:4
   Lair: D:8-11         Orc: D:9-12

Altars:
Ashenzari
Cheibriados
Elyvilon
Fedhas
Gozag
Qazlal
Sif Muna
Trog
Vehumet
Xom
Zin

Annotations:
D:4 exclusion: ogre, Blork the orc
D:6 exclusions: 2 sensed monsters (detected) and 1 more exclusion
D:8 exclusion: downstairs
D:9 exclusion: sensed monster (detected)


Innate Abilities, Weirdness & Mutations

You cannot be hasted, slowed, berserked, paralysed or teleported.
You can dig through walls and to a lower floor.
You have a pair of large antennae on your head. (SInv)
Your four strong arms can wield two-handed weapons with a shield.


Message History

Press: ? - help, . - travel You can't see that place.
Placed new exclusion.
Unknown command.
Unknown command.
Found a stone staircase leading up.
Really walk into a travel-excluded area?
A troll comes into view.
The troll shouts!
There is a stone staircase leading up here.
As you read the scroll of fear, it crumbles to dust.
You assume a fearsome visage.
The troll looks frightened!
The troll starts to cry.
You climb upwards.
The yak bellows!
The orc warrior shouts!
The orc priest shouts!
The yak bellows! x2
The yak gores you but does no damage.
The orc warrior unwields a +0 war axe.
The orc warrior wields a +0 orcbow.
The orc warrior shoots an arrow.
The arrow hits you!
You hear a shout!
Found 9 stones and a wooden wand.
There is a stone staircase leading down here.
Found 8 gold pieces.
You hear a shout!
A bullfrog comes into view.
Press: ? - help, v - describe, . - travel A stone staircase leading down.
Placed new exclusion.
Reduced exclusion size to a single square.
Unknown command.
Unknown command.
Okay, then.
Are you sure you want to shaft yourself?
The bullfrog gives a loud, deep croak!
You hear an angry buzzing noise.
The yak gores you!
Ouch! That really hurt!
* * * LOW HITPOINT WARNING * * *
You begin to dig a shaft.
You continue digging a shaft.
The yak gores you.
You die...

.....# .....#
.....# .....#
.....# .....#
.....# .....##
......## .<.....#
.. ###...... ####
,o.. ##..# ####
.#.. {o/. # .
...## ..###....
... ...{....oo...
.....#.##........
{ .$.....@YY...#
.....#.##>...#
... ... #..### .
..... .(.#
...F.###.###
##... .. .... ..#
.... .. ...


You could see 2 yaks, an orc warrior, a bullfrog, an orc priest and an orc.

Vanquished Creatures
  3 orcs (D:6)
  A hobgoblin (D:4)
  A ball python (D:5)
5 creatures vanquished.

Notes
Turn   | Place    | Note
-------+----------+-------------------------------------------
     0 | D:5      | petzl the Formicid Delver began the quest for the Orb.
     0 | D:5      | Reached XP level 1. HP: 18/18 MP: 1/1
    35 | D:4      | Noticed an ogre
   108 | D:4      | Found a staircase to the Ecumenical Temple.
   124 | D:4      | Noticed a phantom
   126 | Temple   | Entered the Ecumenical Temple
   142 | Temple   | Became a worshipper of Vehumet
   187 | D:4      | Noticed Blork the orc
   192 | D:4      | You fall into a shaft and drop 3 floors!
   255 | D:8      | Noticed a sky beast
   263 | D:6      | Noticed an orc wizard
   263 | D:6      | Noticed an orc wizard
   304 | D:6      | Reached skill level 1 in Spellcasting
   316 | D:6      | You fall into a shaft and drop 2 floors!
   454 | D:6      | Reached XP level 2. HP: 11/24 MP: 4/4
   545 | D:6      | You fall into a shaft and drop 3 floors!
   596 | D:9      | Noticed a troll
   600 | D:8      | Noticed a yak
   600 | D:8      | Noticed a yak
   600 | D:8      | Noticed a yak
   600 | D:8      | Noticed an orc warrior
   602 | D:8      | Noticed a bullfrog
   604 | D:8      | Slain by a yak

Illustrated notes

Levels and vault maps discovered:
D:4:      layout_basic, minmay_temple_entry_statues, uniq_robin, uniq_duvessa,
          uniq_eustachio, uniq_blork_the_orc
D:5:      layout_loops_ring, uniq_ijyb
D:6:      layout_loops_corners, tso_metal_star, nicolae_overflow_crystal_walls,
          pdpol_wu_jian_five_deadly_venoms
D:7:      layout_rooms, mainiacjoe_overflow_alcove_1,
          lemuel_mausoleum_altar_yredelemnul, mainiacjoe_overflow_alcove_4
D:8:      layout_rooms, dancing_weapons_uskayaw,
          lemuel_zombie_altar_kikubaaqudgha, chequers_serial_rivers_micro_e
D:9:      layout_loops_corners, okawaru_trees_1, nzn_ghost_randoct,
          minmay_lizard_king, uniq_gastronok
Temple:   jpeg_temple_clearing

Skill      XL: |  1 |
---------------+----+-----
Spellcasting   | 1 |  1.6
Fighting       | |  3.2
Maces & Flails | |  2.0
Dodging        | |  1.7
Stealth        | |  6.0

Action                     || total
---------------------------++-------
  Melee: Mace              ||    19
Ability: Shaft Self        ||     4
         Dig               ||     1
    Use: Scroll            ||     1
 Armour: Leather armour    ||     8
         Ring mail         ||     6
         Scale mail        ||    11
  Dodge: Dodged            ||    15

Table legend: (Time is in decaauts)
 A = Elapsed time spent in this place.
 B = Non-inter-level travel time spent in this place.
 C = Inter-level travel time spent in this place.
 D = Time resting spent in this place.
 E = Time spent auto-exploring this place.
 F = Levels seen in this place.
 G = Mean time per level.
                   A        B        C        D        E       F      G
               +--------+--------+--------+--------+--------+-----+--------+
         Total |    609 |    577 |     32 |    136 |      4 |   7 |   87.0 |
       Dungeon |    576 |    575 |      1 |    136 |      4 |   6 |   96.0 |
        Temple |     32 |      1 |     31 |      0 |      0 |   1 |   32.0 |
               +--------+--------+--------+--------+--------+-----+--------+

Top non-repeatable levels by time:
     D:6: 228 daAuts
     D:4: 130 daAuts
     D:7: 112 daAuts
     D:9: 54 daAuts
  Temple: 32 daAuts
     D:8: 27 daAuts
     D:5: 23 daAuts
